 Dungeon Crawl Stone Soup version 0.17-a0-546-g92f1a90 (webtiles) character file.

240 Espgualade the Skirmisher (level 6, -3/40 HPs)
             Began as a Tengu Ice Elementalist on Apr 12, 2015.
             Killed from afar by an orc wizard (12 damage)
             ... with a magic dart
             ... on level 4 of the Dungeon.
             The game lasted 00:10:33 (4667 turns).

Espgualade the Skirmisher (Tengu Ice Elementalist)  Turns: 4667, Time: 00:10:35

Health: -3/40      AC:  3    Str:  8    XL:     6   Next: 8%
Magic:  6/10       EV: 12    Int: 17    God:
Gold:   110        SH:  4    Dex: 15    Spells: 3 memorised, 3 levels left

rFire  . . .     SeeInvis .     u - +2 hand axe (venom)
rCold  . . .     Clarity  .     a - +0 robe
rNeg   . . .     SustAb   .     n - +0 buckler
rPois  .         Gourm    .     (helmet restricted)
rElec  .         Spirit   .     m - +0 cloak
rCorr  .         Warding  .     (no gloves)
rMut   .         Stasis   .     (boots unavailable)
MR     .....                    (no amulet)
Stlth  ++........               (no ring)
                                (no ring)

@: not resistant to hostile enchantments, unstealthy
A: beak, talons 3, able to fly 1
a: Fly


You were on level 4 of the Dungeon.
You were hungry.

You visited 1 branch of the dungeon, and saw 4 of its levels.

You collected 110 gold pieces.

Inventory:

Hand weapons
 u - a +2 hand axe of venom (weapon)
 v - a +1 short sword of protection
Armour
 a - a +0 robe (worn)
 m - a +0 cloak (worn)
 n - a +0 buckler (worn)
Scrolls
 d - 2 scrolls of remove curse
 k - a scroll of amnesia {unknown}
 l - a scroll of teleportation
 o - a scroll of noise {unknown}
 q - a scroll of magic mapping {unknown}
 r - a scroll of recharging {unknown}
 s - 2 scrolls of identify
 t - a scroll of immolation {unknown}
 w - a scroll of fear {unknown}
Potions
 e - a potion of curing
 i - a potion of agility
 j - a potion of brilliance
 p - a potion of invisibility {unknown}
Books
 b - a book of Frost

   Spells                             Type                      Level
   a - Freeze                         Ice                          1
   b - Throw Frost                    Conjuration/Ice              2
   c - Ozocubu's Armour               Charms/Ice                   3
   d - Throw Icicle                   Conjuration/Ice              4
   e - Summon Ice Beast               Ice/Summoning                4
   f - Condensation Shield            Ice                          4
Comestibles
 c - 3 bread rations
 f - 2 beef jerkies
 g - a slice of pizza


   Skills:
 - Level 5.2 Fighting
 + Level 2.9 Dodging
 - Level 2.0 Stealth
 + Level 1.1 Shields
 - Level 2.0 Spellcasting
 - Level 1.3 Conjurations
 - Level 2.6 Ice Magic


You had 3 spell levels left.
You knew the following spells:

 Your Spells              Type           Power        Failure   Level  Hunger
a - Freeze                Ice            ##..         12%         1    #......
b - Throw Frost           Conj/Ice       #.....       21%         2    ###....
c - Ozocubu's Armour      Chrm/Ice       #.......     58%         3    ###....


Dungeon Overview and Level Annotations

Branches:
Dungeon (4/15)
 Temple: D:4-7

Altars:
Qazlal

Annotations:
D:4 Natasha


Innate Abilities, Weirdness & Mutations

You have a beak for a mouth.
You have claws for feet.
You can fly.


Message History

Confirm with . or Enter, or press ? or * to list all spells.
Aiming: Freeze
Press: ? - help, Shift-Dir - straight line, f/p - orc wizard
Aim: an orc wizard, wielding a dagger and wearing a robe (severely wounded)
You freeze the orc wizard.
The orc wizard is severely wounded.
You block the orc wizard's attack. The orc wizard hits you with a dagger.
Casting: Freeze
Confirm with . or Enter, or press ? or * to list all spells.
Aiming: Freeze
Press: ? - help, Shift-Dir - straight line, f/p - orc wizard
Aim: an orc wizard, wielding a dagger and wearing a robe (severely wounded)
You freeze the orc wizard.
The orc wizard is almost dead.
The orc wizard gestures at you while chanting.
The magic dart hits you!
* * * LOW HITPOINT WARNING * * *
The orc wizard points at you and mumbles some strange words.
The magic dart hits you!
You die...

##### #..#
....##.>.########.##
.............##.[.#
...#####........###
##..#######..
####..## #....
##......## ...?..
##......o.#
##...≈≈≈≈
#..#####.@#
#....≈.$§ #..#
##o###....§)8? ##.##
#g.##...8.o..≈ ##.#
##...†...o≈≈≈≈≈
#.####....#.h.......
##....###.#..oh....
###### #.##.......
##.##...... ###
##+##


You could see 2 orc wizards and a hobgoblin.

Vanquished Creatures
  An orc wizard (D:3)
  A centaur skeleton (D:4)
  4 gnolls (D:3)
  6 adders
  3 worms
  A giant gecko (D:1)
  9 orcs
  2 giant cockroaches (D:1)
  9 hobgoblins
  2 jackals (D:1)
  A quokka (D:2)
  A ball python (D:3)
  6 bats
  3 giant newts
  6 goblins
  6 kobolds
  7 rats
68 creatures vanquished.

Notes
Turn   | Place    | Note
--------------------------------------------------------------
     0 | D:1      | Espgualade, the Tengu Ice Elementalist, began the quest for the Orb.
     0 | D:1      | Reached XP level 1. HP: 10/10 MP: 4/4
   147 | D:1      | Reached skill level 1 in Fighting
   523 | D:1      | Reached XP level 2. HP: 14/16 MP: 4/6
  1601 | D:1      | Learned a level 2 spell: Throw Frost
  1712 | D:2      | Reached XP level 3. HP: 15/22 MP: 7/7
  2033 | D:2      | Learned a level 3 spell: Ozocubu's Armour
  2202 | D:2      | Reached skill level 3 in Fighting
  2690 | D:3      | Found a stormy altar of Qazlal.
  2706 | D:3      | Reached XP level 4. HP: 23/28 MP: 6/8
  3173 | D:3      | Reached skill level 4 in Fighting
  3357 | D:3      | Gained mutation: You can fly. [Tengu growth]
  3357 | D:3      | Reached XP level 5. HP: 20/34 MP: 9/9
  3783 | D:3      | Reached skill level 5 in Fighting
  4631 | D:4      | Reached skill level 1 in Shields
  4631 | D:4      | Reached XP level 6. HP: 32/40 MP: 10/10
  4662 | D:4      | Noticed Natasha
  4667 | D:4      | Killed from afar by an orc wizard

Action                   |  1- 3 |  4- 6 || total
-------------------------+-------+-------++-------
Melee: Unarmed           |    26 |       ||    26
       Hand axe          |    67 |    85 ||   152
 Cast: Freeze            |    20 |    21 ||    41
       Throw Frost       |       |     1 ||     1
  Use: Potion            |       |     3 ||     3
       Scroll            |       |     3 ||     3
 Stab: Sleeping          |     2 |     1 ||     3
  Eat: Chunk             |     5 |     7 ||    12
